 Dungeon Crawl Stone Soup version 0.27-a0-380-g150de4c316 (webtiles) character file.

Game seed: 15609688282464033873

641 rednaxela the Poker (level 7, -3/46 (52) HPs)
             Began as a Formicid Abyssal Knight on Feb 18, 2021.
             Was a Priest of Lugonu.
             Slain by a phantom (8 damage)
             ... on level 4 of the Dungeon.
             The game lasted 00:10:50 (5295 turns).

rednaxela the Poker (Formicid Abyssal Knight)       Turns: 5295, Time: 00:10:50

HP:   -3/46 (52)    AC: 10    Str: 16    XL:     7   Next: 81%
MP:   9/9           EV:  6    Int: 12    God:    Lugonu [***...]
Gold: 231           SH:  7    Dex: 12    Spells: 6/6 levels left

rFire    . . .     SeeInvis +   a - +0 trident
rCold    . . .     Faith    +   y - +0 kite shield
rNeg     . . .     Spirit   .   j - +0 scale mail
rPois    .         Reflect  .   (helmet unavailable)
rElec    .         Harm     .   v - +0 cloak
rCorr    .         Rampage  .   f - +0 pair of gloves
Will     .....                  x - +0 pair of boots
Stlth    ..........             d - amulet of faith
HPRegen  0.15/turn              (no ring)
MPRegen  0.11/turn              (no ring)

@: attractive, heavily drained
A: permanent stasis, dig shafts and tunnels, four strong arms, antennae 3
a: Dig, Shaft Self, Renounce Religion, Depart the Abyss, Bend Space, Banish


You were on level 4 of the Dungeon.
You worshipped Lugonu.
Lugonu was most pleased with you.
You visited 2 branches of the dungeon, and saw 5 of its levels.
You visited the Abyss 1 time.

You collected 231 gold pieces.

Inventory:

Hand Weapons
 a - a +0 trident (weapon)
   (You took it off a hobgoblin on level 3 of the Dungeon)
 b - a +2 dagger of draining
   (You found it on level 1 of the Dungeon)
Missiles
 e - 2 curare-tipped darts
 p - a throwing net (quivered) {!f}
Armour
 f - a +0 pair of gloves (worn)
   (You found it on level 1 of the Dungeon)
 j - a +0 scale mail (worn)
   (You found it on level 1 of the Dungeon)
 l - a +0 plate armour
   (You found it on level 1 of the Dungeon)
 v - a +0 cloak (worn)
   (You found it on level 4 of the Dungeon)
 x - a +0 pair of boots (worn)
   (You found it on level 3 of the Dungeon)
 y - a +0 kite shield (worn)
   (You found it on level 3 of the Dungeon)
Jewellery
 d - an amulet of faith (around neck)
   (You found it on level 2 of the Dungeon)
 g - an amulet of reflection
   (You found it on level 1 of the Dungeon)
 h - a ring of ice
   (You found it on level 1 of the Dungeon)
Scrolls
 i - a scroll of fog {!r}
 q - a scroll of magic mapping {unknown}
 s - 2 scrolls of teleportation {unknown}
 u - 2 scrolls of fear {unknown}
Potions
 c - a potion of cancellation
 k - 2 potions of brilliance
 m - a potion of invisibility
 n - a potion of heal wounds {unknown}
 o - a potion of resistance {unknown}
 r - a potion of attraction
 t - a potion of curing {unknown}
 w - a potion of might {unknown}
 z - a potion of lignification {unknown}
 A - a potion of haste {@q4 !q}
 B - a potion of mutation {unknown}


   Skills:
 - Level 3.6 Fighting
 + Level 7.7 Polearms
 - Level 2.6 Armour
 - Level 1.3 Dodging
 - Level 2.7 Invocations


You had 6 spell levels left.
You didn't know any spells.
Your spell library was empty.

Dungeon Overview and Level Annotations

Branches:
Dungeon (4/15)             Temple (1/1) D:4

Altars:
Cheibriados
Gozag
Kikubaaqudgha
The Shining One


Innate Abilities, Weirdness & Mutations

You cannot be hasted, slowed, berserked, paralysed or teleported.
You can dig through walls and to a lower floor.
Your four strong arms can wield two-handed weapons with a shield.
You have a pair of large antennae on your head. (SInv)


Message History

You miss the orc wizard.
The orc wizard is heavily wounded.
The orc wizard hits you with a +0 dagger.
You bump into the rock wall.
The orc wizard hits you but does no damage.
You miss the orc wizard.
The orc wizard is heavily wounded.
You feel less confused.
The orc wizard hits you but does no damage.
You hit the orc wizard but do no damage.
The orc wizard is heavily wounded.
You block the orc wizard's attack.
You closely miss the orc wizard.
The orc wizard is heavily wounded.
The orc wizard casts a spell at you. The puff of flame hits you!
* * * LOW HITPOINT WARNING * * *
The orc wizard hits you with a +0 dagger.
* * * LOW HITPOINT WARNING * * *
You closely miss the orc wizard.
The orc wizard is heavily wounded.
You block the orc wizard's attack.
You hit the orc wizard but do no damage.
The orc wizard is heavily wounded.
The orc wizard hits you but does no damage.
You puncture the orc wizard!
You kill the orc wizard!
You closely miss the orc wizard.
The orc wizard is heavily wounded.
The orc wizard hits you but does no damage.
The orc wizard points at you and mumbles some strange words.
You easily resist.
Your shield and scale mail prevent you from hitting the orc wizard.
The orc wizard is heavily wounded.
The orc wizard casts a spell at itself.
The orc wizard flickers and vanishes for a moment.
You hit the orc wizard.
The orc wizard is severely wounded.
The orc wizard hits you but does no damage.
You closely miss the orc wizard.
The orc wizard is severely wounded.
The orc wizard hits you but does no damage.
You closely miss the orc wizard.
The orc wizard is severely wounded.
The orc wizard hits you with a +0 dagger.
* * * LOW HITPOINT WARNING * * *
The orc wizard hits you but does no damage.
You hit the orc wizard but do no damage.
The orc wizard is severely wounded.
The orc wizard barely misses you.
You hit the orc wizard.
The orc wizard is severely wounded.
The orc wizard hits you but does no damage.
You closely miss the orc wizard.
The orc wizard is severely wounded.
The orc wizard hits you but does no damage.
You hit the orc wizard.
You kill the orc wizard!
You barely miss the phantom. The phantom barely misses you.
The phantom hits you but does no damage.
You hit the phantom but do no damage. The phantom barely misses you.
You hit the phantom but do no damage. You block the phantom's attack.
You hit the phantom.
The phantom is lightly damaged.
You block the phantom's attack.
You hit the phantom.
The phantom is lightly damaged.
You block the phantom's attack. The phantom hits you!
* * * LOW HITPOINT WARNING * * *
You closely miss the phantom.
The phantom is lightly damaged.
The phantom hits you.
* * * LOW HITPOINT WARNING * * *
You barely miss the phantom.
The phantom is lightly damaged.
The phantom hits you but does no damage.
You barely miss the phantom.
The phantom is lightly damaged.
The phantom hits you.
* * * LOW HITPOINT WARNING * * *
You barely miss the phantom.
The phantom is lightly damaged.
The phantom hits you!
* * * LOW HITPOINT WARNING * * *
You block the phantom's attack.
You hit the phantom.
The phantom is moderately damaged.
The phantom hits you.
* * * LOW HITPOINT WARNING * * *
You barely miss the phantom.
The phantom is moderately damaged.
The phantom hits you.
* * * LOW HITPOINT WARNING * * *
It was a potion of haste.
Your stasis prevents you from being hasted.
You block the phantom's attack.
It was a potion of attraction.
You feel attractive to monsters. The phantom hits you!
You die...

#.# #.# ### #########.#####.#
##.######............##.#
#.#.......#####.#.##.##.#######
##.######## ##....##.......)z.#
#.# #............#.##.# #.#
##.(.#######.#.##.# #.# ##.##
#.#.##.# #.# #@# #...##.# #.#
#W# #..###.# #.# #o# #..# #.#
##.## (o. #..###.# #...### .....
###......# #.....## .......
#..>....##
#......####.........##.#...#.###
###.......+........!+.........).
#....####.........##.#...#.###


You could see a phantom and 2 orcs.

Vanquished Creatures
  A phantom (D:4)
  5 wights
  2 orc priests
  4 orc wizards
  An adder (D:3)
  8 gnolls
  An adder skeleton (D:4)
  3 worms
  3 dart slugs
  5 leopard geckos
  11 orcs
  6 bats
  2 giant cockroaches (D:3)
  11 goblins
  9 hobgoblins
  A jackal (D:1)
  9 kobolds
  A quokka (D:4)
  3 frilled lizards
  10 rats
96 creatures vanquished.

Notes
Turn   | Place    | Note
-------+----------+-------------------------------------------
     0 | Abyss:1  | rednaxela the Formicid Abyssal Knight began the quest for
                  | the Orb.
     0 | Abyss:1  | Reached XP level 1. HP: 18/18 MP: 2/2
    44 | Abyss:1  | Noticed a hellephant
    57 | Abyss:1  | Noticed a starcursed mass
    60 | D:1      | Escaped the Abyss
   120 | D:1      | Reached skill level 1 in Dodging
   142 | D:1      | Reached * piety under Lugonu
   179 | D:1      | Reached XP level 2. HP: 24/24 MP: 3/3
   591 | D:1      | Reached XP level 3. HP: 29/29 MP: 4/4
  1387 | D:2      | Found a snail-covered altar of Cheibriados.
  1392 | D:2      | Reached XP level 4. HP: 36/36 MP: 6/6
  1411 | D:2      | Reached skill level 3 in Polearms
  1812 | D:2      | Reached ** piety under Lugonu
  2159 | D:3      | Reached XP level 5. HP: 41/41 MP: 7/7
  2261 | D:2      | Reached skill level 4 in Polearms
  2486 | D:3      | Reached skill level 5 in Polearms
  2493 | D:3      | Reached XP level 6. HP: 29/47 MP: 8/8
  3117 | D:3      | Reached *** piety under Lugonu
  3385 | D:4      | Reached skill level 6 in Polearms
  3557 | D:4      | Found a staircase to the Ecumenical Temple.
  3582 | D:4      | Found an ancient bone altar of Kikubaaqudgha.
  3626 | Temple   | Entered the Ecumenical Temple
  3872 | Temple   | Reached XP level 7. HP: 23/52 MP: 9/9
  4511 | D:4      | Found an opulent altar of Gozag.
  4771 | D:4      | Reached skill level 7 in Polearms
  5124 | D:4      | Found a glowing golden altar of the Shining One.
  5295 | D:4      | Slain by a phantom

Illustrated notes

Levels and vault maps discovered:
D:1:      dpeg_arrival_morbid_curiosity, layout_loops_ring, minmay_tetromino_s4
D:2:      layout_loops_ring, minmay_misc_feat_x, cheibriados_altar_1
D:3:      layout_basic
D:4:      layout_loops_corners, nicolae_overflow_crystal_walls,
          overflow_temple_1_default, minmay_temple_entry_junction, tso_altar
Temple:   regret_index_temple_generic_petals

Skill      XL: |  1  2  3  4  5  6  7 |
---------------+----------------------+-----
Dodging        | 1 |  1.3
Polearms       | 3 5 6 7 |  7.7
Fighting       | |  3.6
Armour         | |  2.6
Invocations    | |  2.7

Action                   |  1- 3 |  4- 6 |  7- 9 || total
-------------------------+-------+-------+-------++-------
Melee: Spear             |   117 |    56 |    29 ||   202
       Dagger            |       |   147 |    11 ||   158
       Trident           |       |       |    77 ||    77
Invok: Depart the Abyss  |     1 |       |       ||     1
  Use: Scroll            |     2 |     1 |       ||     3
       Potion            |       |       |     3 ||     3
 Stab: Invisible         |       |       |     3 ||     3
Armor: Leather armour    |     2 |       |       ||     2
       Scale mail        |    40 |    73 |    37 ||   150
Dodge: Dodged            |    42 |    85 |    24 ||   151
Block: Other             |     9 |       |       ||     9
       Kite shield       |       |       |    20 ||    20

Table legend: (Time is in decaauts)
 A = Elapsed time spent in this place.
 B = Non-inter-level travel time spent in this place.
 C = Inter-level travel time spent in this place.
 D = Time resting spent in this place.
 E = Time spent auto-exploring this place.
 F = Levels seen in this place.
 G = Mean time per level.
                   A        B        C        D        E       F      G
               +--------+--------+--------+--------+--------+-----+--------+
         Total |   5300 |   5031 |    269 |    689 |   3227 |   6 |  883.3 |
       Dungeon |   4832 |   4563 |    269 |    302 |   3176 |   4 | 1208.0 |
        Temple |    407 |    407 |      0 |    387 |      0 |   1 |  407.0 |
         Abyss |     60 |     60 |      0 |      0 |     51 |   1 |   60.0 |
               +--------+--------+--------+--------+--------+-----+--------+

Top non-repeatable levels by time:
     D:4: 1416 daAuts
     D:3: 1250 daAuts
     D:2: 1167 daAuts
     D:1: 998 daAuts
  Temple: 407 daAuts
 Abyss:1: 60 daAuts
